AoeStats
← MHR.MK

Arena

510040004Analyzed
4v4 RM · 3d ago on Sep 29, 2026· 44m 37s· 8 players
Game mode
Random Map
Map size
Large (8 player)
Population
200
Speed
Normal
Resources
Standard
Victory
Conquest
Starting age
Dark Age
Ending age
Imperial Age
RankedLock teamsTeams togetherTeam positionsShared explorationLock speedFull tech treeHidden civsTurbo modeCheats
Victory
Defeat
🇦🇷 Spanish · Argentina
594
+17
🇺🇸 Britons · United States
568
+18
🇵🇪 Vietnamese · Peru
558
+19
🇵🇪 Franks · Peru
555
+19
🇲🇽 Burgundians · Mexico
756
-24
🇨🇳 Japanese · China
673
-20
🇲🇽 Huns · Mexico
645
-19
🇨🇳 Georgians · China
411
-10
Karma
9:19 Feudal Age
12:12 Double-Bit Axe
17:51 Castle Age
16:12 Double-Bit Axe
18:13 Horse Collar
18:26 Gold Mining
20:11 Bow Saw
25:40 Stone Mining
26:26 Gold Shaft Mining
26:32 Gold Shaft Mining
25:59 Heavy Plow
28:50 Fervor
32:14 Imperial Age
30:47 Ballistics
30:20 Fletching
30:40 Forging
30:31 Scale Mail Armor
30:35 Padded Archer Armor
30:54 Squires
30:15 Pikeman
31:07 Husbandry
32:24 Fortified Wall
32:23 Bodkin Arrow
32:33 Padded Archer Armor
33:09 Iron Casting
32:49 Chain Mail Armor
32:40 Scale Barding Armor
32:24 Arson
33:16 Bracer
32:44 Light Cavalry
34:16 Murder Holes
35:22 Chemistry
35:41 Conscription
36:56 Two-Man Saw
37:24 Blast Furnace
36:40 Leather Archer Armor
36:41 Halberdier
38:06 Yeomen
37:23 Elite Longbowman
41:03 Warwolf
Althair
12:31 Feudal Age
13:16 Double-Bit Axe
13:14 Horse Collar
14:17 Gold Mining
18:08 Wheelbarrow
21:01 Castle Age
25:44 Bow Saw
25:57 Hand Cart
35:17 Heavy Plow
36:40 Ballistics
37:30 Padded Archer Armor
37:21 Fletching
36:54 Crossbowman
37:40 Thumb Ring
43:24 Imperial Age
43:15 Leather Archer Armor
42:56 Bodkin Arrow
42:25 Elite Skirmisher
43:10 Murder Holes
42:56 Treadmill Crane
43:27 Masonry
42:42 Pikeman
43:22 Squires
43:08 Arson
44:17 Town Watch
44:22 Spies/Treason
MHR.MK
$$El TinkiWinki$$
2:19 Loom
9:46 Feudal Age
13:52 Double-Bit Axe
16:51 Castle Age
28:20 Town Watch
33:29 Wheelbarrow
33:25 Bow Saw
39:09 Imperial Age
43:12 Spies/Treason
decs0793
joseabrojo
0:28 Loom
RYOUSHI HAN
10:21 Feudal Age
15:25 Double-Bit Axe
18:25 Castle Age
18:33 Forging
18:24 Scale Mail Armor
18:17 Loom
19:32 Stone Mining
19:58 Bow Saw
19:29 Horse Collar
19:57 Squires
19:52 Arson
24:48 Gold Mining
おに惨
Connection lost

Rejoining the realm…

Still unreachable

The connection could not be restored.

Session expired

The server has moved on; the page needs a fresh start.